 Dungeon Crawl Stone Soup version 0.29-a0-653-gd47aff6735 (webtiles) character file.

Game seed: 196976807169249245

66 happo123 the Gusty (level 4, -7/25 HPs)
             Began as a Tengu Air Elementalist on June 21, 2022.
             Mangled by Sigmund
             ... wielding a +0 scythe
              (13 damage)
             ... on level 2 of the Dungeon.
             The game lasted 00:07:36 (1266 turns).

happo123 the Gusty (Tengu Air Elementalist)         Turns: 1266, Time: 00:07:37

Health: -7/25      AC:  2    Str:  8    XL:     4   Next: 15%
Magic:  3/8        EV: 12    Int: 18    God:
Gold:   47         SH:  0    Dex: 14    Spells: 1/7 levels left

rFire   . . .      SeeInvis .   f - +3 dagger
rCold   . . .      Faith    .   (no shield)
rNeg    . . .      Spirit   .   a - +0 robe
rPois   .          Reflect  .   (helmet restricted)
rElec   .          Harm     .   (no cloak)
rCorr   .          Rampage  .   (no gloves)
Will    .....                   (boots unavailable)
Stlth   ++........              (no amulet)
HPRegen 0.08/turn               (no ring)
MPRegen 0.11/turn               (no ring)

@: no status effects
A: beak, talons 3
a: no special abilities


You were on level 2 of the Dungeon.
You visited 1 branch of the dungeon, and saw 2 of its levels.

You collected 47 gold pieces.

Inventory:

Hand Weapons
 f - a +3 dagger (weapon)
Armour
 a - a +0 robe (worn)
 g - a +0 leather armour
Scrolls
 c - 2 scrolls of teleportation {unknown}
 e - a scroll of identify {unknown}
 i - a scroll of immolation {unknown}
 k - a scroll of vulnerability {unknown}
 l - a scroll of magic mapping {unknown}
Potions
 b - a potion of magic
 d - a potion of lignification {unknown}
 h - a potion of ambrosia {unknown}
 j - 2 potions of curing {unknown}
 m - a potion of might {unknown}
 n - a potion of invisibility {unknown}


   Skills:
 + Level 1.0 Fighting
 + Level 2.5 Dodging
 + Level 2.4 Stealth
 + Level 2.2 Spellcasting
 * Level 2.8 Conjurations
 * Level 4.8 Air Magic


You had one spell level left.
You knew the following spells:

 Your Spells              Type           Power      Damage    Failure   Level
a - Shock                 Conj/Air       60%        1d6       3%          1
b - Static Discharge      Conj/Air       15%        N/A       5%          2
c - Swiftness             Air            19%        N/A       8%          3

Your spell library contained the following spells:

 Spells                   Type           Power      Damage    Failure   Level
 Airstrike                Air            9%         N/A       24%         4


Dungeon Overview and Level Annotations

Branches:
Dungeon (2/15)

Altars:

Annotations:
D:2 Sigmund


Innate Abilities, Weirdness & Mutations

You have a beak for a mouth.
You have claws for feet.


Message History

Press: ? - help, Q - select action, (/) - cycle Shift-Dir - straight line, f - Sigmund, p - frilled lizard
Aim: Sigmund, wielding a +0 scythe and wearing a +0 robe (wandering, hasn't noticed you, 68% to hit)
The zap hits Sigmund.
Sigmund is lightly wounded.
Sigmund gestures at you while chanting. The magic dart hits you!
Aiming: Shock (safe; 3% risk of failure)
Press: ? - help, Q - select action, (/) - cycle Shift-Dir - straight line, f/p - Sigmund
Aim: Sigmund, wielding a +0 scythe and wearing a +0 robe (lightly wounded, 68% to hit)
The zap hits the frilled lizard.
You kill the frilled lizard!
The zap hits Sigmund.
Sigmund is moderately wounded.
Aiming: Shock (safe; 3% risk of failure)
Press: ? - help, Q - select action, (/) - cycle Shift-Dir - straight line
Okay, then.
Aiming: Shock (safe; 3% risk of failure)
Press: ? - help, Q - select action, (/) - cycle Shift-Dir - straight line, p - Sigmund The zap hits Sigmund.
Sigmund is moderately wounded.
The zap hits Sigmund.
Sigmund is heavily wounded.
Sigmund says, "Your kind have come here before.
I understand now why.
You desire death..."
Sigmund hits you from afar with a +0 scythe!
* * * LOW HITPOINT WARNING * * *
Aiming: Shock (safe; 3% risk of failure)
Press: ? - help, Q - select action, (/) - cycle Shift-Dir - straight line The zap hits Sigmund.
Sigmund is severely wounded.
The zap hits Sigmund.
Sigmund is severely wounded.
Aiming: Shock (safe; 3% risk of failure)
Press: ? - help, Q - select action, (/) - cycle Shift-Dir - straight line The zap hits Sigmund.
Sigmund is almost dead.
The zap hits Sigmund.
Sigmund is almost dead.
Sigmund hits you from afar with a +0 scythe!
Ouch! That really hurt!
You die...

#.##......+..#...#
#.##......##.#####
#.##......##.#####
#>...............+
####.....)....####
###......##..#
#.^......##..#
#........##..#
#......@.##..#
#####@#####..# #.#
###..#### #†#
#.......# ..#
#.......# ..#
#.......# @..#
#.......# ...#
#..†....# .?..#
#.......#


You could see Sigmund.

Vanquished Creatures
  Jessica (D:2)
  2 dart slugs (D:1)
  2 ball pythons (D:2)
  6 endoplasms
  4 giant cockroaches
  6 hobgoblins
  4 kobolds (D:1)
  A bat (D:1)
  2 frilled lizards
  A goblin (D:1)
  3 rats (D:1)
32 creatures vanquished.

Notes
Turn   | Place    | Note
-------+----------+-------------------------------------------
     0 | D:1      | happo123 the Tengu Air Elementalist began the quest for the
                  | Orb.
     0 | D:1      | Reached XP level 1. HP: 10/10 MP: 4/4
   121 | D:1      | Reached XP level 2. HP: 12/15 MP: 3/6
   133 | D:1      | Learned a level 2 spell: Static Discharge
   155 | D:1      | Found a faded altar of an unknown god.
   399 | D:1      | Reached XP level 3. HP: 19/20 MP: 7/7
   403 | D:1      | Learned a level 3 spell: Swiftness
   945 | D:2      | Noticed Jessica
   953 | D:2      | Killed Jessica
   954 | D:2      | Reached skill level 1 in Fighting
   954 | D:2      | Reached XP level 4. HP: 8/25 MP: 3/8
  1255 | D:2      | Noticed Sigmund
  1266 | D:2      | Mangled by Sigmund

Illustrated notes

Levels and vault maps discovered:
D:1:      dpeg_arrival_three_smaller_balls, layout_basic,
          shapermc_ecumenical_altar_ellora
D:2:      layout_basic, uniq_sigmund, uniq_jessica

Skill      XL: |  1  2  3 |
---------------+----------+-----
Conjurations   | 2 |  2.8
Fighting       | 1 |  1.0
Dodging        | |  2.5
Stealth        | |  2.4
Spellcasting   | |  2.2
Air Magic      | |  4.8

Action                   |  1- 3 |  4- 6 || total
-------------------------+-------+-------++-------
Melee: Dagger            |    15 |       ||    15
       Kick              |     4 |       ||     4
 Cast: Shock             |    25 |     8 ||    33
       Static Discharge  |     3 |       ||     3
 Stab: Sleeping          |     7 |       ||     7
Armor: Robe              |     1 |       ||     1
Dodge: Dodged            |     9 |     1 ||    10

Table legend: (Time is in decaauts)
 A = Elapsed time spent in this place.
 B = Non-inter-level travel time spent in this place.
 C = Inter-level travel time spent in this place.
 D = Time resting spent in this place.
 E = Time spent auto-exploring this place.
 F = Levels seen in this place.
 G = Mean time per level.
                   A        B        C        D        E       F      G
               +--------+--------+--------+--------+--------+-----+--------+
         Total |   1265 |    787 |    478 |    205 |    337 |   2 |  632.5 |
       Dungeon |   1265 |    787 |    478 |    205 |    337 |   2 |  632.5 |
               +--------+--------+--------+--------+--------+-----+--------+

Top non-repeatable levels by time:
     D:1: 805 daAuts
     D:2: 459 daAuts
